 Dungeon Crawl Stone Soup version 0.28.0 (webtiles) character file.

Game seed: 2668542077859318295

366 Spectrina the Scratcher (level 6, -2/28 HPs)
             Began as a Felid Monk on Feb 4, 2022.
             Was a Believer of Qazlal.
             Splashed by a jelly's acid (10 damage)
             ... on level 5 of the Dungeon on Feb 5, 2022.
             The game lasted 00:23:16 (2428 turns).

Spectrina the Scratcher (Felid Monk)                Turns: 2428, Time: 00:23:16

Health: -2/28      AC: -2    Str:  9    XL:     6   Next: 40%
Magic:  8/8        EV: 23    Int: 12    God:    Qazlal [**....]
Gold:   53         SH:  3    Dex: 18    Spells: 3/5 levels left
                                        Lives:  0   Deaths: 1

rFire   . . .      SeeInvis +     - Unarmed
rCold   . . .      Faith    .   (shield unavailable)
rNeg    . . .      Spirit   .   (armour unavailable)
rPois   .          Reflect  .   (helmet unavailable)
rElec   .          Harm     .   (cloak unavailable)
rCorr   .          Rampage  .   (gloves unavailable)
Will    .....                   (boots unavailable)
Stlth   +++.......              (no amulet)
HPRegen 0.09/turn               j - +4 ring of evasion
MPRegen 0.11/turn               (no ring)

@: corroded, quick
A: very small, claws 1, fangs 3, see invisible, speed 1, shaggy fur 2, stealthy
paws, no weapons or thrown items, no armour, multi-lived
a: Renounce Religion, Upheaval


You were on level 5 of the Dungeon.
You worshipped Qazlal.
Qazlal was pleased with you.
You visited 2 branches of the dungeon, and saw 9 of its levels.

You collected 198 gold pieces.
You spent 145 gold pieces at shops.

Inventory:

Missiles
 f - 54 stones
Jewellery
 j - a +4 ring of evasion (left paw)
Scrolls
 b - a scroll of enchant armour
 c - 4 scrolls of teleportation
 l - 3 scrolls of blinking
 n - 2 scrolls of magic mapping
Potions
 a - 3 potions of curing
 d - a potion of mutation
 e - a potion of lignification
 g - a potion of haste
 h - a potion of brilliance
 i - a potion of attraction {unknown}
 k - a potion of resistance {unknown}
 m - a potion of heal wounds {unknown}


   Skills:
 - Level 3.0 Fighting
 - Level 4.0 Dodging
 + Level 5.7 Stealth
 * Level 6.0 Unarmed Combat
 + Level 2.1 Translocations
 * Level 1.7 Invocations


You had 3 spell levels left.
You knew the following spells:

 Your Spells              Type           Power      Damage    Failure   Level
a - Blink                 Tloc           10%        N/A       22%         2

Your spell library contained the following spells:

 Spells                   Type           Power      Damage    Failure   Level
 Lesser Beckoning         Tloc           5%         N/A       38%         3
 Ignite Poison            Fire/Tmut/Pois 0%         N/A       69%         3
 Mephitic Cloud           Conj/Pois/Air  0%         N/A       69%         3
 Leda's Liquefaction      Hex/Erth       0%         N/A       97%         4
 Manifold Assault         Tloc           5%         N/A       98%         5
 Freezing Cloud           Conj/Ice/Air   0%         6-21      100%        5
 Lee's Rapid Deconstruct  Erth           0%         3d5*      100%        5
 Statue Form              Tmut/Erth      0%         N/A       100%        6


Dungeon Overview and Level Annotations

Branches:
Dungeon (8/15)             Temple (1/1) D:4
   Lair: D:8-11

Altars:
Cheibriados
Dithmenos
Elyvilon
Fedhas
Gozag
Hepliaklqana
Kikubaaqudgha
Makhleb
Nemelex Xobeh
Okawaru
Qazlal
Ru
Sif Muna
Trog
Uskayaw
Vehumet
Wu Jian
Xom
Yredelemnul
Zin
The Shining One

Shops:
D:4 ?

Annotations:
D:5 Eustachio
D:6 1 runed translucent door, Crazy Yiuf, Edmund


Innate Abilities, Weirdness & Mutations

You have sharp claws.
You have razor-sharp teeth.
You have supernaturally acute eyesight. (SInv)
You cover ground quickly. (Speed+)
You are covered in thick fur. (AC +2)
Your paws help you pounce on unaware monsters.
You are incapable of wielding weapons or throwing items.
You cannot wear armour.
You gain extra lives every three experience levels.


Message History

Your Translocations skill increases to level 2!
You have reached level 6!
Your fur grows into a thick mane.
You feel sick.
You see here a water moccasin corpse.
You feel sick.
Okay, then.
You feel sick.
You feel sick.
You feel sick.
You feel sick.
You feel sick.
You are no longer poisoned.
Okay, then.
There is a stone staircase leading up here.
You climb upwards.
There is a stone staircase leading down here.
Things that are here:
a +1 dagger of speed; a goblin corpse You see here 12 bolts.
You hear an angry growl.
A black bear is nearby!
You see here 12 bolts.
There is a stone staircase leading up here.
a - 3 potions of curing (gained 1)
There is a stone staircase leading down here.
You climb downwards.
Level annotation: Eustachio
There is a stone staircase leading up here.
Found a robe.
The jelly quivers.
You scratch the jelly.
Your paws burn!
The jelly is lightly wounded.
The jelly closely misses you.
You scratch the jelly. The acid corrodes you!
Your paws burn!
The jelly is moderately wounded.
The jelly hits you.
* * * LOW HITPOINT WARNING * * *
You are splashed with acid!
You die...

#.##.... #.# #.#
#..#.#.#.##.##. #.###
#.#.#.#.....#.##.#.#
#...#.#..#..........
#.(#.#$.#..#.##.#.####
#............[..#...<# #
#.#.# #..####.#.#### #
#...####J...........# #
#####.....@...###.#.####
# #.................#.#
# #.............#####.#
# #......#####+## ###
#......# #.# #......#
#.# #......# #.#
#......# #.#
#......#####.#######


You could see a jelly.

Vanquished Creatures
  A water moccasin (D:5)
  A centaur (D:6)
  A hound (D:4)
  A centaur zombie (D:4)
  An iguana (D:6)
  A hound skeleton (D:4)
  5 adders
  A white imp (D:4)
  An ufetubus (D:4)
  2 worms (D:4)
  2 orcs (D:4)
  5 endoplasms
  4 giant cockroaches
  8 goblins
  3 hobgoblins
  2 jackals (D:4)
  8 kobolds
  4 quokkas
  8 ball pythons
  A bat (D:1)
  3 frilled lizards
  A rat (D:1)
64 creatures vanquished.

Notes
Turn   | Place    | Note
-------+----------+-------------------------------------------
     0 | D:1      | Spectrina the Felid Monk began the quest for the Orb.
     0 | D:1      | Reached XP level 1. HP: 10/10 MP: 2/2
   155 | D:1      | Reached XP level 2. HP: 8/14 MP: 3/3
   547 | D:2      | Reached XP level 3. HP: 17/17 MP: 4/4
   639 | D:3      | Reached skill level 4 in Unarmed Combat
   824 | D:3      | Reached XP level 4. HP: 9/21 MP: 5/5
   859 | D:4      | Noticed a black bear
   885 | D:4      | Found Hiohudoli's Magic Scroll Shoppe.
   897 | D:5      | Entered Level 5 of the Dungeon
   905 | D:5      | Noticed an ice beast
   905 | D:5      | Noticed Eustachio
   995 | D:5      | You fall into a shaft and drop 2 floors!
  1067 | D:6      | Noticed a water moccasin
  1077 | D:6      | Noticed a centaur
  1176 | D:6      | Found a runed translucent door.
  1177 | D:6      | Noticed Crazy Yiuf
  1261 | D:6      | Shot with an arrow by a centaur
  1262 | D:6      | Reached XP level 3. HP: 0/17 MP: 4/4
  1368 | D:6      | Killed a centaur
  1369 | D:6      | Reached skill level 5 in Unarmed Combat
  1369 | D:6      | Reached XP level 4. HP: 20/21 MP: 5/5
  1394 | D:7      | Noticed a red ugly thing
  1439 | D:6      | Reached skill level 5 in Stealth
  1439 | D:6      | Reached XP level 5. HP: 24/24 MP: 6/6
  1446 | D:6      | Found a shimmering blue altar of Sif Muna.
  1472 | D:5      | Noticed an ogre
  1472 | D:5      | Noticed a water moccasin
  1504 | D:6      | Noticed Edmund
  1602 | D:5      | Learned a level 2 spell: Blink
  1690 | D:4      | Reached skill level 1 in Translocations
  1720 | D:4      | Found a staircase to the Ecumenical Temple.
  1742 | Temple   | Entered the Ecumenical Temple
  1816 | Temple   | Became a worshipper of Qazlal Stormbringer
  1816 | Temple   | Reached * piety under Qazlal
  1816 | Temple   | Reached ** piety under Qazlal
  1908 | D:4      | Reached skill level 1 in Invocations
  1933 | D:4      | Noticed a phantom
  2097 | D:4      | Bought 2 scrolls of magic mapping for 70 gold pieces
  2097 | D:4      | Bought a scroll of blinking for 75 gold pieces
  2331 | D:5      | Killed a water moccasin
  2332 | D:5      | Reached skill level 6 in Unarmed Combat
  2332 | D:5      | Gained mutation: You are covered in thick fur. (AC +2)
                  | [Felid growth]
  2332 | D:5      | Reached XP level 6. HP: 19/28 MP: 6/8
  2428 | D:5      | Splashed by a jelly's acid

Illustrated notes

Levels and vault maps discovered:
D:1:      minmay_arrival_doors, layout_basic, nrook_campfire, minmay_bisected
D:2:      layout_rooms, basic_altar, kennysheep_generic_room_10
D:3:      minmay_bubble_buster, layout_basic
D:4:      minmay_spotlight, layout_loops_ring, minmay_temple_entry_glassed_door,
          kennysheep_windowed_goal
D:5:      layout_basic, uniq_eustachio
D:6:      wander_river, layout_basic, nicolae_sif_muna_condensation,
          serial_shops, shop, uniq_crazy_yiuf_cottage, uniq_edmund, uniq_duvessa
D:7:      layout_layer_cave, nzn_ghost_randoct, uniq_menkaure
D:8:      layout_basic, pf_just_have_faith, david_lair_generic,
          grunt_ministairs_11, uniq_pikel, uniq_maggie
Temple:   regret_index_temple_chain_breaker

Skill      XL: |  1  2  3  4  5 |
---------------+----------------+-----
Stealth        | 3 4 5 |  5.7
Unarmed Combat | 5 6 |  6.0
Translocations | 2 |  2.1
Invocations    | 1 |  1.7
Fighting       | |  3.0
Dodging        | |  4.0

Action                   |  1- 3 |  4- 6 || total
-------------------------+-------+-------++-------
Melee: Unarmed           |    92 |    93 ||   185
       Punch             |     4 |     3 ||     7
       Bite              |     2 |    10 ||    12
  Use: Potion            |     2 |     3 ||     5
       Scroll            |     1 |     5 ||     6
 Stab: Sleeping          |     9 |     2 ||    11
       Distracted        |     1 |       ||     1
Armor: Skin              |     1 |    14 ||    15
Dodge: Dodged            |    72 |    77 ||   149
Block: Other             |       |     3 ||     3
